 Dungeon Crawl Stone Soup version 0.28.0-53-g5a82cb258f (webtiles) character file.

Game seed: 387452619916308155

36 mcbry74 the Skirmisher (level 3, -2/33 HPs)
             Began as a Hill Orc Abyssal Knight on July 21, 2022.
             Was a Follower of Lugonu.
             Slain by a phantom (6 damage)
             ... on level 3 of the Dungeon.
             The game lasted 00:02:48 (1592 turns).

mcbry74 the Skirmisher (Hill Orc Abyssal Knight)    Turns: 1592, Time: 00:02:49

Health: -2/33      AC:  3    Str: 17    XL:     3   Next: 37%
Magic:  5/5        EV: 11    Int: 10    God:    Lugonu [*.....]
Gold:   57         SH:  0    Dex: 11    Spells: 2/2 levels left

rFire   . . .      SeeInvis .   a - +1 hand axe
rCold   . . .      Faith    .   (no shield)
rNeg    . . .      Spirit   .   b - +0 leather armour
rPois   .          Reflect  .   (no helmet)
rElec   .          Harm     .   (no cloak)
rCorr   .          Rampage  .   (no gloves)
Will    .....                   (no boots)
Stlth   +.........              (no amulet)
HPRegen 0.11/turn               (no ring)
MPRegen 0.09/turn               (no ring)

@: no status effects
A: no striking features
a: Renounce Religion, Depart the Abyss


You were on level 3 of the Dungeon.
You worshipped Lugonu.
Lugonu was aware of your devotion.
You visited 1 branch of the dungeon, and saw 3 of its levels.
You visited the Abyss 1 time.

You collected 57 gold pieces.

Inventory:

Hand Weapons
 a - a +1 hand axe (weapon)
Missiles
 d - 69 stones (quivered)
Armour
 b - a +0 leather armour (worn)
Scrolls
 h - a scroll of silence {unknown}
 i - a scroll of fog {unknown}
 j - a scroll of enchant weapon {unknown}
 l - a scroll of noise {unknown}
Potions
 c - a potion of curing {unknown}
 e - a potion of attraction {unknown}
 f - 2 potions of flight {unknown}
 g - a potion of ambrosia {unknown}
 k - a potion of lignification {unknown}
 m - a potion of brilliance {unknown}


   Skills:
 + Level 3.9 Fighting
 * Level 3.6 Axes
 + Level 2.5 Armour
 + Level 1.2 Dodging
 + Level 2.9 Invocations


You had 2 spell levels left.
You didn't know any spells.
Your spell library contained the following spells:

 Spells                   Type           Power      Damage    Failure   Level
 Inner Flame              Hex/Fire       0%         N/A       80%         3
 Cause Fear               Hex            0%         N/A       99%         4
 Dragon Form              Tmut           0%         N/A       100%        7
 Discord                  Hex            0%         N/A       100%        8
 Dragon's Call            Summ           0%         N/A       100%        9


Dungeon Overview and Level Annotations

Branches:
Dungeon (3/15)

Altars:
Okawaru


Message History

You closely miss the phantom.
The phantom is moderately damaged.
The phantom hits you!
The phantom blinks!
You blink.
Found an ivory ring.
The phantom closely misses you.
You miss the phantom.
The phantom is moderately damaged.
The phantom barely misses you.
You hit the phantom.
The phantom is heavily damaged.
The phantom barely misses you.
You slash the phantom!
The phantom is almost destroyed.
The phantom barely misses you.
You hit the phantom but do no damage.
The phantom is almost destroyed.
The phantom hits you.
The phantom blinks!
You blink.
The phantom hits you.
You barely miss the phantom.
The phantom is severely damaged.
The phantom hits you.
The phantom blinks!
You blink.
You miss the phantom.
The phantom is severely damaged.
The phantom hits you.
The phantom blinks!
You blink.
You barely miss the phantom.
The phantom is severely damaged.
The phantom hits you.
* * * LOW HITPOINT WARNING * * *
You barely miss the phantom.
The phantom is severely damaged.
The phantom barely misses you.
You completely miss the phantom.
The phantom is severely damaged.
The phantom barely misses you.
You closely miss the phantom.
The phantom is severely damaged.
The phantom hits you.
* * * LOW HITPOINT WARNING * * *
You hit the phantom.
The phantom is almost destroyed.
The phantom hits you.
You die...

.# #.# .. #.# .. #.#
.##.####.# .......<.#
.##.###..# ###
....###..#####.########
........§.......@W....#
...=.§.§######.####.###
###.§##.# #.# #..##.#
.# ....##.# .# ###.###.
.. .. .. .# ### ## .#


You could see a phantom.

Vanquished Creatures
  An adder (D:2)
  A dart slug (D:1)
  2 endoplasms
  2 giant cockroaches (D:2)
  6 goblins
  A hobgoblin (D:1)
  4 bats
  3 frilled lizards (D:1)
  3 kobolds
  A rat (D:1)
24 creatures vanquished.

Notes
Turn   | Place    | Note
-------+----------+-------------------------------------------
     0 | Abyss:1  | mcbry74 the Hill Orc Abyssal Knight began the quest for the
                  | Orb.
     0 | Abyss:1  | Reached XP level 1. HP: 19/19 MP: 2/2
    23 | D:1      | Escaped the Abyss
   384 | D:1      | Reached XP level 2. HP: 21/27 MP: 3/3
   392 | D:1      | Reached * piety under Lugonu
   507 | D:1      | Reached skill level 1 in Dodging
  1063 | D:2      | Reached XP level 3. HP: 32/33 MP: 5/5
  1107 | D:2      | Found an iron altar of Okawaru.
  1263 | D:2      | Found a faded altar of an unknown god.
  1575 | D:3      | Noticed a phantom
  1592 | D:3      | Slain by a phantom

Illustrated notes

Levels and vault maps discovered:
D:1:      nzn_arrival_water_spiral, layout_loops_corners
D:2:      layout_rooms, hellmonk_ecumenical_altar_pennies_from_heaven,
          basic_altar
D:3:      layout_basic, lemuel_coloured_pillars_altar, gammafunk_ghost_mausoleum

Skill      XL: |  1  2 |
---------------+-------+-----
Axes           | 3 |  3.6
Dodging        | 1 |  1.2
Fighting       | |  3.9
Armour         | |  2.5
Invocations    | |  2.9

Action                   || total
-------------------------++-------
Melee: Hand axe          ||    70
Invok: Depart the Abyss  ||     1
Armor: Leather armour    ||    17
Dodge: Dodged            ||    29
